 Dungeon Crawl Stone Soup version 0.17.1-1-g73c8601 (console) character file.

1222 Kloppie the Skirmisher (level 8, 0/45 HPs)
             Began as a Vine Stalker Fighter on Dec 16, 2015.
             Was an Initiate of Makhleb.
             Slain by a killer bee (5 damage)
             ... on level 6 of the Dungeon.
             The game lasted 00:09:17 (4133 turns).

Kloppie the Skirmisher (Vine Stalker Fighter)       Turns: 4133, Time: 00:09:17

Health: 0/45       AC:  8    Str: 21    XL:     8   Next: 47%
Magic:  0/9        EV:  7    Int:  8    God:    Makhleb [......]
Gold:   254        SH: 10    Dex: 19    Spells: 0 memorised, 7 levels left

rFire  . . .     SeeInvis .     a - +1 flail
rCold  . . .     Clarity  .     b - +0 scale mail
rNeg   + . .     SustAt   .     c - +0 shield
rPois  .         Gourm    .     t - +1 helmet
rElec  .         Spirit   +     (no cloak)
rCorr  .         Warding  +     (no gloves)
rMut   .         Stasis   .     (no boots)
MR     +....                    E - amulet of warding
Stlth  ..........               (no ring)
                                y - +3 ring of dexterity

@: very slightly contaminated, somewhat resistant to hostile enchantments,
extremely unstealthy
A: fangs 3, agile 1, regeneration 2, magic shield, antimagic bite, no device
heal 3, rot immunity
a: Renounce Religion


You were on level 6 of the Dungeon.
You worshipped Makhleb.
Makhleb was noncommittal.
You were not hungry.

You visited 2 branches of the dungeon, and saw 7 of its levels.

You collected 254 gold pieces.

Inventory:

Hand Weapons
 a - a +1 flail (weapon)
Armour
 b - a +0 scale mail (worn)
 c - a +0 shield (worn)
 t - a +1 helmet (worn)
Jewellery
 i - an uncursed ring of ice
 y - a +3 ring of dexterity (left hand)
 E - an amulet of warding (around neck)
Wands
 B - a wand of random effects (25)
 C - a wand of fireball (15)
Scrolls
 j - 2 scrolls of teleportation
 n - 4 scrolls of fog
 o - a scroll of magic mapping
 q - 2 scrolls of enchant armour
Potions
 d - 2 potions of might
 f - 2 potions of curing
 g - 3 potions of agility
 m - a potion of heal wounds {unknown}
 s - 3 potions of brilliance
 u - a potion of degeneration
 A - a potion of ambrosia
Books
 k - a book of Minor Magic

   Spells                             Type                      Level
   a - Magic Dart                     Conjuration                  1
   b - Blink                          Translocation                2
   c - Call Imp                       Summoning                    2
   d - Repel Missiles                 Charms/Air                   2
   e - Slow                           Hexes                        2
   f - Conjure Flame                  Conjuration/Fire             3
   g - Mephitic Cloud                 Conjuration/Poison/Air       3
 D - a book of Cantrips

   Spells                             Type                      Level
   a - Corona                         Hexes                        1
   b - Animate Skeleton               Necromancy                   1
   c - Summon Small Mammal            Summoning                    1
   d - Apportation                    Translocation                1
Comestibles
 e - 3 bread rations
 l - 7 meat rations
 z - 8 fruits


   Skills:
 + Level 6.8 Fighting
 + Level 6.7 Maces & Flails
 - Level 2.4 Armour
 - Level 2.6 Shields


You had 7 spell levels left.
You didn't know any spells.

Dungeon Overview and Level Annotations

Branches:
Dungeon (6/15)             Temple (1/1) D:6

Altars:
Ashenzari
Cheibriados
Dithmenos
Elyvilon
Fedhas
Gozag
Makhleb
Okawaru
Ru
Trog
Xom
Yredelemnul
Zin
The Shining One

Shops:
D:5 (

Annotations:
D:6 Eustachio


Innate Abilities, Weirdness & Mutations

You have razor-sharp teeth.
You heal very quickly.
When hurt, damage is shared between your health and your magic reserves.
Your bite disrupts and absorbs the magic of your enemies.
Potions and wands cannot restore your health.
You are immune to rotting.
You are agile. (Dex +2)


Message History

As you read the scroll of blinking, it crumbles to dust.
You block the killer bee's attack. You block the killer bee's attack.
The killer bee buzzes angrily.
The killer bee barely misses you. You block the killer bee's attack.
The killer bee stings you.
* * * LOW HITPOINT WARNING * * *
The killer bee stings you but does no damage. x2
You block the killer bee's attack.
The killer bee buzzes angrily.
The killer bee stings you.
* * * LOW HITPOINT WARNING * * *
You block the killer bee's attack. The killer bee barely misses you.
The killer bee buzzes angrily.
The killer bee stings you but does no damage.
Read which item? (? for menu, Esc to quit)
Okay, then.
You block the killer bee's attack. The killer bee stings you.
You die...

........................#### ##
................###.....### ##.
..........................# #..
.......####.###.#.#.#.#[#.#####..
.......# #.###...............#..
.......# #..##.#.......#.>......
.......# #....).................
.####### ##.#..#...>...#.....##.
.# #.#.y@.........#.####.
.###########...y#.......#.#.# #..
.#...........Z..............# #..
...#########.#.y#.#.#.#.#.#####..
s.s.######......y..........###...
..#..Z...#...............#.#.....
#.######s..........).........###.
..# ##..........).....#....###
... ##...............#.....##


You could see 4 killer bees and a hound skeleton.

Vanquished Creatures
  Grinder (D:4)
  The ghost of grizfap the Skirmisher, an amateur DrBe of Trog (D:6)
  A giant frog (D:5)
  A water moccasin zombie (D:5)
  4 scorpions
  3 crimson imps (D:5)
  A centaur zombie (D:5)
  A jelly (D:5)
  A hound (D:3)
  3 orc priests
  An iguana (D:6)
  3 orc wizards
  2 worker ants (D:5)
  A hound skeleton (D:4)
  7 adders
  A shadow imp (D:6)
  An ooze (D:2)
  2 adder zombies (D:6)
  A worm (D:3)
  An adder skeleton (D:6)
  4 giant geckos
  16 orcs
  4 giant cockroaches
  3 hobgoblins
  5 jackals
  2 kobolds
  2 quokkas (D:5)
  11 bats
  8 giant newts
  11 goblins
  2 jackal skeletons
  A quokka skeleton (D:4)
  4 rats
110 creatures vanquished.

Notes
Turn   | Place    | Note
--------------------------------------------------------------
     0 | D:1      | Kloppie the Vine Stalker Fighter began the quest for the Orb.
     0 | D:1      | Reached XP level 1. HP: 11/11 MP: 2/2
   190 | D:1      | Reached XP level 2. HP: 16/16 MP: 3/3
   341 | D:1      | Reached skill level 3 in Fighting
   444 | D:1      | You fall through a shaft!
   560 | D:2      | Reached XP level 3. HP: 16/20 MP: 4/4
   624 | D:2      | Found a faded altar to an unknown god.
  1107 | D:3      | Reached XP level 4. HP: 24/24 MP: 5/5
  1834 | D:3      | Reached XP level 5. HP: 26/29 MP: 6/6
  2009 | D:4      | Reached skill level 4 in Fighting
  2128 | D:3      | Gained mutation: You heal very quickly. [Vine Stalker growth]
  2128 | D:3      | Reached XP level 6. HP: 24/34 MP: 5/7
  2342 | D:4      | Noticed Grinder
  2366 | D:4      | Killed Grinder
  2366 | D:4      | Reached skill level 5 in Fighting
  2366 | D:4      | Reached skill level 5 in Maces & Flails
  2366 | D:4      | Reached XP level 7. HP: 17/39 MP: 6/8
  2445 | D:4      | Noticed an ogre
  2462 | D:5      | Entered Level 5 of the Dungeon
  2539 | D:5      | Found a blossoming altar of Fedhas.
  2540 | D:5      | Found a white marble altar of Elyvilon.
  2541 | D:5      | Found a shimmering altar of Xom.
  2544 | D:5      | Found a basalt altar of Yredelemnul.
  2544 | D:5      | Found an iron altar of Okawaru.
  2545 | D:5      | Found a bloodstained altar of Trog.
  2547 | D:5      | Found Susche Uph's Weapon Emporium.
  2929 | D:5      | Reached skill level 6 in Fighting
  2964 | D:5      | Gained mutation: You have razor-sharp teeth. [Vine Stalker growth]
  2964 | D:5      | Reached XP level 8. HP: 34/44 MP: 7/9
  3405 | D:5      | Gained mutation: You are agile. (Dex +2) [potion of beneficial mutation]
  3448 | D:6      | Noticed grizfap's ghost (amateur DrBe)
  3576 | D:6      | Killed grizfap's ghost
  3605 | D:6      | Found a staircase to the Ecumenical Temple.
  3796 | Temple   | Entered the Ecumenical Temple
  3860 | Temple   | Became a worshipper of Makhleb the Destroyer
  4095 | D:6      | Noticed Eustachio
  4116 | D:6      | HP: 1/45 [poisoned by a killer bee]
  4133 | D:6      | Slain by a killer bee

Action                   |  1- 3 |  4- 6 |  7- 9 || total
-------------------------+-------+-------+-------++-------
Melee: Flail             |   136 |   114 |   203 ||   453
  Use: Potion            |       |     1 |     2 ||     3
       Scroll            |       |       |    18 ||    18
  Eat: Chunk             |       |     5 |     5 ||    10
       Pizza             |       |       |     1 ||     1
